Map: Lerilak Crest

Players

Urok

  • Race: Protoss Protoss

capac - Winner!

  • Race: Terran Terran
  • League: Gold

VOD

Have the link to the VOD?

Description

Time

  • Played on: Dec. 1, 2015, 10:01 a.m.
  • Length: 13:14
Show
View Real Time Build Order
Export as new Build Order

Urok Protoss 

Build Orders:  

Get SALT Encoding   

  12  0:01  Probe (Chrono Boost)  
  13  0:11  Probe (Chrono Boost)  
  14  0:18  Pylon  
  14  0:22  Probe (Chrono Boost)  
  15  0:37  Probe (Chrono Boost)  
  15  0:39  Gateway  
  16  0:47  Probe (Chrono Boost)  
  17  0:51  Assimilator  
  17  0:58  Probe (Chrono Boost)  
  17  1:00  Pylon  
  18  1:08  Probe (Chrono Boost)  
  19  1:11  Assimilator  
  19  1:19  Probe (Chrono Boost)  
  20  1:29  Probe (Chrono Boost)  
  20  1:31  Cybernetics Core  
  21  2:00  Nexus  
  21  2:05  Pylon  
  22  2:08  Probe (Chrono Boost)  
  22  2:19  Mothership Core (Chrono Boost)  
  22  2:20  Stalker  
  26  2:28  Warp Gate (Chrono Boost)  
  26  2:39  Probe  
  27  3:05  Gateway  
  27  3:06  Gateway  
  27  3:09  Gateway  
  27  3:11  Probe  
  27  3:12  Pylon  
  28  3:15  Probe  
  29  3:21  Probe  
  30  3:27  Probe  
  30  3:30  Pylon  
  31  3:36  Sentry  
  31  3:39  Probe  
  31  3:40  Probe  
  35  3:47  Robotics Facility  
  35  3:50  Probe, Assimilator  
  35  3:54  Probe  
  37  3:59  Sentry  
  37  4:01  Sentry  
  43  4:02  Sentry  
  43  4:19  Probe  
  43  4:21  Probe, Pylon  
  43  4:23  Pylon, Assimilator  
  45  4:34  Zealot  
  45  4:37  Warp Prism  
  49  4:43  Probe  
  49  4:45  Probe  
  51  4:52  Forge  
  51  4:54  Pylon  
  51  4:55  Probe  
  51  4:58  Probe  
  53  5:06  Probe  
  54  5:16  Probe  
  55  5:25  Immortal (Chrono Boost)  
  55  5:27  Probe, Pylon  
  59  5:29  Pylon  
  60  5:39  Probe  
  60  5:42  Protoss Ground Weapons Level 1 (Chrono Boost)  
  61  5:51  Probe  
  62  5:58  Stalker x2  
  62  5:59  Zealot x2  
  71  6:04  Observer  
  63  6:48  Pylon  
  63  6:50  Stalker, Nexus  
  63  6:51  Stalker  
  63  6:52  Stalker x2  
  63  6:53  Assimilator  
  71  6:57  Assimilator  
  71  7:01  Pylon  
  71  7:04  Observer, Pylon  
  72  7:16  Probe x2  
  72  7:22  Twilight Council  
  74  7:24  Protoss Ground Armor Level 1 (Chrono Boost)  
  74  7:26  Immortal  
  74  7:28  Probe, Stalker x3  
  74  7:29  Zealot  
  87  7:31  Pylon  
  87  7:34  Pylon  
  87  7:52  Gateway  
  87  7:53  Gateway  
  87  7:56  Gateway  
  87  7:58  Charge, Pylon  
  87  8:06  Robotics Bay  
  87  8:15  Probe  
  88  8:22  Pylon  
  88  8:25  Stalker x2  
  88  8:26  Zealot  
  94  8:27  Zealot  
  96  8:50  Sentry x2  
  96  8:51  Sentry x2  
  104  9:30  Disruptor (Chrono Boost)  
  104  9:31  Stalker x2  
  108  9:36  Zealot x2  
  115  9:39  Protoss Ground Armor Level 2 (Chrono Boost)  
  115  9:45  Nexus  
  115  9:47  Pylon, Assimilator  
  115  9:50  Assimilator  
  115  9:51  Pylon  
  115  9:52  Pylon  
  115  9:54  Pylon  
  115  9:59  Disruptor  
  115  10:03  Sentry x3  
  115  10:04  Sentry x4  
  103  11:07  Stalker x4  
  103  11:09  Zealot x3  
  116  11:17  Disruptor  
  103  11:46  Stalker x4  
  103  11:47  Stalker  
  82  11:48  Disruptor, Zealot x2  
  63  12:11  Mothership Core  
  63  12:15  Zealot x2  
  57  12:16  Zealot x5  
  45  12:40  Zealot x3  
  45  12:41  Zealot x4  
Show
View Real Time Build Order
Export as new Build Order

capac Terran - Winner!

Build Orders:  

Get SALT Encoding   

  12  0:01  SCV  
  13  0:13  SCV  
  14  0:18  Supply Depot  
  14  0:27  SCV  
  15  0:40  SCV  
  16  0:43  Barracks  
  16  0:46  Refinery  
  16  0:54  SCV  
  17  1:06  SCV  
  18  1:18  SCV  
  19  1:30  SCV  
  20  1:37  Supply Depot  
  20  1:39  Barracks Reactor  
  20  1:42  Orbital Command  
  20  2:09  SCV  
  20  2:15  Factory  
  21  2:19  Refinery  
  21  2:21  SCV  
  22  2:26  Command Center  
  22  2:27  Marine  
  22  2:29  Marine  
  24  2:38  SCV  
  25  2:48  Marine x2  
  27  2:53  Supply Depot  
  26  3:03  Factory Tech Lab  
  26  3:06  Starport, Marine x2  
  28  3:16  Bunker  
  28  3:18  SCV  
  29  3:24  Siege Tank  
  32  3:30  SCV  
  34  3:42  SCV  
  34  3:44  Orbital Command  
  34  3:48  Marine x2  
  36  4:01  Bunker  
  36  4:09  Medivac  
  38  4:11  Widow Mine  
  38  4:12  Marine, Orbital Command  
  38  4:13  Marine  
  42  4:17  Supply Depot  
  42  4:30  Marine x2  
  44  4:49  SCV x2  
  46  4:56  Marine x2  
  48  5:04  Barracks  
  48  5:05  Engineering Bay, Starport Reactor, Barracks  
  48  5:07  Engineering Bay  
  48  5:09  SCV x2  
  50  5:21  SCV  
  51  5:23  Supply Depot  
  51  5:26  Liberator  
  51  5:29  Barracks  
  51  5:33  Siege Tank  
  51  5:34  Marine x2  
  51  5:35  Barracks, SCV  
  57  5:37  SCV  
  58  5:48  SCV  
  58  5:49  SCV  
  59  6:56  Marine x2  
  59  6:58  Barracks Tech Lab, Barracks Reactor  
  59  7:00  Barracks Tech Lab  
  59  7:01  Siege Tank  
  61  7:03  SCV x2  
  63  7:22  Missile Turret  
  63  7:30  SCV  
  63  7:31  Refinery x2, Marine  
  63  7:32  Marine  
  63  7:35  Marauder x2  
  70  7:37  Combat Shields  
  70  7:39  Stimpack  
  70  7:50  Missile Turret  
  70  8:00  Barracks Reactor  
  70  8:07  Marauder, SCV x2, Medivac x2  
  70  8:08  Supply Depot, Marauder  
  70  8:10  Supply Depot  
  70  8:12  Supply Depot  
  80  8:13  Marine x2  
  80  8:14  Marine x2  
  84  8:23  SCV  
  84  8:24  Missile Turret, SCV  
  86  8:28  Siege Tank  
  89  8:35  Marine  
  89  8:36  Marine x3  
  89  8:37  Marine x2  
  89  8:39  Marauder x2  
  99  8:41  Medivac  
  101  8:50  Command Center  
  101  8:54  Terran Infantry Weapons Level 1  
  101  8:56  Terran Infantry Armor Level 1  
  101  9:07  SCV x2  
  102  9:22  Missile Turret  
  102  9:23  Missile Turret  
  102  9:25  Marine, Missile Turret  
  102  9:26  Marine x5  
  102  9:27  Marauder  
  102  9:28  Marauder  
  112  9:34  Supply Depot  
  112  9:35  Supply Depot  
  112  9:39  Supply Depot  
  112  9:59  Missile Turret  
  112  10:06  Marine x3  
  112  10:07  Supply Depot, Marine x2  
  115  10:08  Marine  
  118  10:32  Marine  
  118  10:33  Marine x5  
  118  10:34  Marauder x2  
  128  10:43  Supply Depot  
  128  10:44  Supply Depot  
  123  10:55  Marauder  
  118  11:01  Liberator x2  
  118  11:13  Marine x4  
  118  11:14  Marine x2  
  118  11:15  Marauder  
  132  11:24  Marine  
  133  11:31  Marine x3  
  113  11:54  Liberator  
  113  11:55  Liberator  
  93  12:08  Marine  
  93  12:09  Marine x4  
  93  12:10  Marauder x2, Siege Tank  
  110  12:31  Marine x2  
  110  12:32  Marine x3  
  110  12:33  Marauder  
  120  12:52  Marine x4  
  120  12:53  Marine  
Tags
 
Add a new tag
Caveats
  • Supply blocks, unpowered buildings, or Contaminate may cause inaccurate times.
  • Supply counts are checked every 10 seconds.